Map: New Repugnancy LE

Players

Proximo

  • Race: Zerg Zerg
  • League: Master
  • Spawn Location: 1:00

Mez - Winner!

  • Race: Terran Terran
  • League: Master
  • Spawn Location: 7:00

VOD

Have the link to the VOD?

Description

Time

  • Played on: July 28, 2019, 10:25 p.m.
  • Length: 8:50
Show
View Real Time Build Order
Export as new Build Order

Proximo Zerg 

Build Orders: Pool First 

Get SALT Encoding   

  12  0:00  Drone  
  13  0:12  Overlord  
  13  0:16  Drone  
  14  0:31  Drone x2  
  16  0:41  Spawning Pool  
  15  0:45  Drone  
  16  0:50  Drone  
  17  1:12  Hatchery  
  17  1:15  Drone  
  17  1:19  Extractor  
  17  1:20  Drone  
  17  1:28  Zergling x2  
  17  1:30  Zergling x2  
  19  1:38  Queen  
  21  1:45  Overlord  
  21  1:54  Drone  
  22  2:09  Drone  
  23  2:21  Roach Warren  
  22  2:32  Overlord  
  21  2:49  Queen  
  23  3:06  Roach x5  
  23  3:07  Roach x3  
  39  3:17  Drone  
  39  3:22  Drone x3  
  42  3:30  Overlord  
  42  4:09  Hatchery  
  37  4:20  Drone x2  
  37  4:21  Drone  
  37  4:22  Drone x4  
  32  4:34  Drone  
  32  4:35  Drone x3  
  36  4:42  Lair  
  36  4:46  Drone x2  
  38  4:53  Metabolic Boost  
  38  4:58  Roach x2  
  42  5:02  Roach x2  
  42  5:03  Roach  
  48  5:12  Roach  
  48  5:13  Zergling x2  
  51  5:14  Overlord  
  51  5:21  Roach  
  53  5:26  Roach  
  51  5:36  Drone x4  
  51  5:37  Drone  
  51  5:45  Roach x2  
  51  5:49  Drone x3  
  58  5:59  Roach  
  60  6:05  Extractor x2  
  60  6:08  Evolution Chamber x2, Drone x3  
  60  6:09  Overlord  
  59  6:12  Hatchery  
  59  6:15  Overlord  
  59  6:16  Overlord  
  58  6:28  Queen x2  
  62  6:35  Zerg Melee Weapons Level 1  
  62  6:38  Drone x2  
  64  6:41  Drone x6  
  64  6:43  Drone x3  
  73  6:56  Drone x2  
  73  7:01  Baneling Nest  
  74  7:15  Hatchery  
  73  7:18  Drone x2  
  73  7:19  Roach x3  
  73  7:20  Roach  
  73  7:21  Zergling x2  
  84  7:25  Queen  
  86  7:32  Burrow  
  86  7:33  Extractor  
  86  7:35  Zergling x10  
  90  7:40  Overlord x3, Extractor  
  90  7:41  Extractor  
  88  7:52  Zergling x4  
  90  8:02  Drone x3, Spine Crawler  
  90  8:04  Drone x2  
  90  8:05  Drone, Zergling x4  
  96  8:06  Zergling x4  
  96  8:11  Zergling x4  
  101  8:21  Roach x2  
  101  8:22  Roach  
  87  8:32  Zergling x2  
  87  8:33  Zergling x12  
Show
View Real Time Build Order
Export as new Build Order

Mez Terran - Winner!

Build Orders: Reaper Expand 

Get SALT Encoding   

  12  0:00  SCV  
  13  0:13  SCV  
  14  0:17  Supply Depot  
  14  0:25  SCV  
  15  0:39  SCV  
  15  0:40  Barracks  
  16  0:44  Refinery  
  16  0:51  SCV  
  17  1:03  SCV  
  18  1:15  SCV  
  19  1:28  Reaper, Orbital Command  
  20  1:43  Command Center  
  20  1:54  SCV  
  20  1:58  Barracks  
  21  2:03  Barracks Reactor  
  21  2:14  SCV  
  22  2:15  Barracks  
  22  2:26  Supply Depot  
  22  2:29  SCV, Supply Depot  
  23  2:50  Marine x2  
  25  2:52  Barracks Tech Lab  
  25  3:03  Marine  
  26  3:08  Marine, Orbital Command  
  26  3:11  SCV, Marine x2  
  26  3:12  Combat Shield  
  30  3:21  Marine  
  30  3:23  SCV  
  30  3:26  Marine  
  33  3:29  Marine  
  33  3:33  Marine  
  35  3:35  SCV  
  35  3:37  SCV  
  35  3:39  Marine  
  35  3:40  Supply Depot  
  35  3:41  Engineering Bay  
  38  3:45  Marine  
  38  3:47  SCV, Marine  
  41  3:51  Engineering Bay, Marine  
  41  3:57  SCV  
  41  3:59  SCV  
  43  4:07  Marine x3  
  36  4:23  Marine  
  36  4:24  SCV x2  
  34  4:25  Marine x3  
  36  4:36  SCV x2  
  36  4:37  Stimpack  
  38  4:43  Terran Infantry Weapons Level 1  
  38  4:44  Marine x3  
  38  4:45  Marine  
  42  4:51  SCV x2  
  44  5:01  Supply Depot x2  
  44  5:03  SCV  
  44  5:04  Marine x3  
  44  5:05  Marine  
  49  5:07  SCV  
  48  5:37  Marine  
  48  5:38  SCV, Marine x3  
  48  5:39  SCV  
  48  5:40  Command Center  
  48  5:42  Factory  
  51  5:43  Barracks  
  51  5:53  SCV x2  
  51  5:54  Barracks  
  51  5:55  Refinery  
  46  5:58  Refinery  
  45  6:07  Reaper  
  45  6:08  SCV x2  
  48  6:12  Barracks Reactor  
  48  6:14  Marine x2  
  50  6:20  SCV x2  
  52  6:30  Starport  
  52  6:31  Marine, Factory Reactor  
  52  6:32  SCV x2  
  55  6:44  SCV x2  
  55  6:45  Barracks Reactor x2  
  55  6:46  Marine x2  
  59  6:49  Marine  
  60  6:56  SCV x2  
  60  6:58  Marine  
  60  6:59  Marine  
  64  7:03  Marine  
  64  7:04  Marine  
  66  7:08  SCV x2  
  66  7:11  Marine  
  70  7:16  Marine  
  70  7:20  SCV x2, Orbital Command  
  70  7:21  Supply Depot  
  72  7:24  Marine x2  
  72  7:25  Marine, Medivac x2  
  78  7:31  Marine x3  
  78  7:32  SCV  
  78  7:33  Concussive Shells, SCV  
  83  7:44  Supply Depot  
  83  7:45  SCV x2  
  83  7:48  Supply Depot  
  83  7:49  Supply Depot  
  83  7:50  SCV  
  86  7:51  Marine x5, Marauder  
  93  8:05  Marine x2, Armory  
  93  8:06  SCV, Medivac x2  
  93  8:08  Engineering Bay  
  93  8:10  Supply Depot  
  93  8:12  Marine x4  
  103  8:14  SCV x2  
  106  8:21  Supply Depot  
  101  8:30  Marine x3  
  101  8:31  Marine x6  
  101  8:33  SCV x2  
Tags
 
Add a new tag
Caveats
  • Supply blocks, unpowered buildings, or Contaminate may cause inaccurate times.
  • Supply counts are checked every 10 seconds.